Map: Dusk Towers

Players

viOlet - Winner!

  • Race: Zerg Zerg

Iaguz

  • Race: Terran Terran

Event: DreamHack Open Tours WCS Spring Championship

VOD

https://www.youtube.com/watch?v=6jmFg4CAsVc

Description

Time

  • Played on: May 15, 2016, 9:16 a.m.
  • Length: 11:46

All games in this series

Show
View Real Time Build Order
Export as new Build Order

viOlet Zerg - Winner!

Build Orders: Hatch First, Muta Ling Bane 

Get SALT Encoding   

  12  0:00  Drone  
  13  0:12  Overlord  
  13  0:17  Drone  
  14  0:31  Drone x2  
  14  0:35  Drone  
  17  0:51  Hatchery  
  17  0:54  Drone  
  17  1:00  Drone  
  18  1:09  Extractor  
  17  1:14  Spawning Pool  
  17  1:16  Drone  
  17  1:18  Drone  
  18  1:28  Drone  
  19  1:40  Overlord  
  19  1:53  Drone  
  20  2:00  Queen  
  23  2:01  Zergling x2  
  23  2:03  Zergling x2  
  23  2:04  Queen  
  26  2:13  Metabolic Boost  
  26  2:15  Drone x2  
  28  2:27  Drone  
  29  2:33  Drone  
  29  2:36  Queen  
  32  2:38  Overlord  
  32  2:40  Queen  
  34  2:45  Overlord  
  34  2:46  Drone  
  35  2:54  Drone  
  36  3:02  Drone x2  
  38  3:08  Drone x3  
  38  3:09  Drone x2  
  43  3:14  Drone x2  
  43  3:15  Drone  
  46  3:23  Overlord  
  46  3:27  Hatchery  
  45  3:34  Overlord  
  45  3:36  Drone x2  
  47  3:41  Drone  
  47  3:44  Lair  
  47  3:45  Drone x3  
  51  3:50  Drone x3  
  51  3:53  Drone  
  55  3:57  Overlord  
  55  4:00  Extractor  
  55  4:01  Extractor  
  55  4:02  Evolution Chamber, Overlord  
  52  4:07  Drone  
  52  4:08  Drone  
  54  4:14  Overlord  
  54  4:15  Drone x2  
  56  4:18  Drone x2  
  58  4:25  Extractor  
  58  4:27  Zergling x8  
  61  4:33  Evolution Chamber  
  60  4:39  Baneling Nest  
  60  4:40  Drone x3  
  60  4:44  Spire  
  61  4:46  Overseer  
  61  4:48  Drone x2  
  61  4:51  Drone  
  64  4:53  Drone x3  
  68  5:00  Drone x3  
  68  5:06  Zerg Ground Armor Level 1  
  70  5:11  Drone x6  
  70  5:12  Zerg Melee Weapons Level 1  
  76  5:21  Drone x4  
  77  5:28  Overlord x3  
  79  5:34  Drone x5  
  84  5:37  Extractor  
  84  5:38  Extractor  
  82  5:45  Drone x6  
  88  5:51  Overlord  
  88  5:57  Mutalisk x2  
  88  5:58  Hatchery  
  88  6:00  Mutalisk  
  88  6:01  Mutalisk x2  
  97  6:08  Centrifical Hooks  
  97  6:10  Overlord  
  97  6:11  Overlord x2  
  97  6:12  Drone x5  
  97  6:17  Zergling x4  
  104  6:20  Zergling x2  
  104  6:25  Zergling x4, Hatchery  
  106  6:31  Zergling x2  
  106  6:32  Zergling x12  
  113  6:42  Overlord x5  
  113  6:44  Zergling x2  
  114  6:51  Overlord  
  114  6:57  Zergling x2  
  114  6:58  Pneumatized Carapace  
  114  6:59  Zergling x2  
  112  7:03  Zergling x4  
  112  7:04  Baneling x9  
  112  7:07  Zergling x12  
  120  7:09  Zergling x2  
  120  7:15  Zerg Ground Armor Level 2, Zerg Melee Weapons Level 2  
  121  7:16  Zergling x2  
  121  7:17  Zergling x8  
  126  7:25  Mutalisk x3  
  126  7:26  Mutalisk  
  134  7:37  Mutalisk x2  
  134  7:38  Zergling x2  
  134  7:40  Zergling x6  
  142  7:44  Zergling x6  
  142  7:46  Extractor  
  142  7:50  Zergling x8  
  148  7:54  Baneling x5  
  148  7:55  Baneling x9  
  145  8:03  Zergling x2  
  145  8:04  Zergling x20  
  145  8:05  Mutalisk  
  143  8:13  Overseer, Mutalisk  
  143  8:14  Zergling x2  
  143  8:15  Zergling x22  
  155  8:22  Zergling x4  
  155  8:25  Zergling x4  
  155  8:26  Baneling x9  
  159  8:33  Zergling x2  
  159  8:34  Zergling x8  
  163  8:43  Zergling x2  
  163  8:47  Zergling x4  
  163  8:48  Zergling x28  
  163  8:57  Mutalisk  
  163  8:58  Mutalisk x3  
  163  8:59  Zergling x2  
  150  9:08  Mutalisk x2  
  151  9:10  Zergling x2  
  151  9:19  Infestation Pit  
  151  9:20  Drone x3  
  151  9:21  Zergling x16, Extractor  
  151  9:22  Hatchery  
  159  9:27  Mutalisk  
  159  9:28  Mutalisk  
  163  9:31  Baneling x6  
  163  9:36  Baneling x4  
  163  9:44  Zergling x24  
  163  9:45  Zergling x2  
  173  9:57  Zergling x4  
  173  9:58  Zergling x6  
  173  9:59  Baneling x14  
  171  10:00  Zergling x14  
  171  10:01  Zergling x6  
  171  10:05  Zergling x2, Hive  
  179  10:07  Zergling x4  
  179  10:11  Overlord  
  179  10:12  Overlord x3  
  176  10:19  Mutalisk  
  176  10:20  Mutalisk x2  
  167  10:33  Mutalisk x3  
  167  10:35  Zergling x4  
  171  10:36  Zergling x4  
  171  10:45  Zergling x24  
  183  10:53  Zergling x8  
  181  11:01  Zergling x10  
  151  11:08  Zergling x2  
  151  11:09  Baneling x12  
  151  11:10  Baneling x4  
  149  11:18  Zergling x12  
  150  11:21  Zergling x12  
Show
View Real Time Build Order
Export as new Build Order

Iaguz Terran 

Build Orders: Command Center First (CC), MMM Bio 

Get SALT Encoding   

  12  0:00  SCV  
  13  0:12  SCV  
  14  0:18  Supply Depot  
  14  0:25  SCV  
  15  0:39  SCV  
  16  0:51  SCV  
  17  0:58  Command Center  
  17  1:03  SCV  
  18  1:13  Barracks  
  18  1:15  SCV  
  19  1:28  SCV  
  20  1:40  SCV  
  21  1:47  Command Center  
  21  2:00  Marine, Orbital Command  
  22  2:12  Refinery  
  22  2:14  Orbital Command  
  22  2:18  Marine  
  23  2:24  Refinery  
  23  2:28  SCV  
  24  2:35  Marine  
  25  2:40  SCV  
  25  2:43  Barracks  
  25  2:44  SCV  
  27  2:53  Marine  
  27  2:54  SCV  
  27  2:55  Supply Depot  
  28  2:59  SCV  
  28  3:04  Orbital Command  
  29  3:06  SCV  
  29  3:12  SCV  
  32  3:14  Factory  
  32  3:19  SCV  
  32  3:20  Barracks Tech Lab  
  32  3:22  Bunker  
  32  3:25  SCV  
  33  3:30  Barracks Reactor  
  33  3:31  SCV  
  33  3:32  SCV  
  35  3:38  SCV  
  36  3:43  SCV  
  36  3:44  SCV  
  38  3:51  SCV  
  38  3:52  Barracks Tech Lab, Barracks  
  38  3:55  SCV  
  40  4:01  Refinery x2  
  40  4:03  SCV x2  
  40  4:05  Siege Tank  
  40  4:07  SCV, Marine  
  40  4:08  Marine  
  48  4:12  Marine  
  48  4:13  Stimpack  
  48  4:15  SCV  
  50  4:17  Engineering Bay  
  50  4:20  SCV  
  50  4:21  SCV  
  50  4:22  Engineering Bay  
  52  4:27  Marine  
  52  4:28  Marine  
  52  4:30  SCV  
  55  4:32  SCV  
  55  4:34  Marine  
  55  4:35  Supply Depot  
  55  4:37  Supply Depot  
  57  4:40  Barracks Reactor  
  57  4:43  Siege Tank  
  61  4:47  SCV  
  61  4:49  Orbital Command, Terran Infantry Armor Level 1, Terran Infantry Weapons Level 1  
  61  4:56  Marine x3  
  61  4:57  SCV  
  65  5:01  SCV  
  65  5:06  Barracks  
  66  5:09  SCV, Barracks  
  66  5:10  Supply Depot  
  66  5:12  Supply Depot  
  66  5:13  SCV  
  68  5:15  SCV  
  69  5:22  Marine x4  
  69  5:26  SCV x2  
  69  5:27  SCV  
  69  5:28  Starport  
  76  5:29  Missile Turret  
  76  5:30  Factory Reactor  
  76  5:32  Missile Turret  
  76  5:38  SCV x2  
  76  5:39  SCV  
  79  5:50  SCV x2, Marine x3  
  79  5:51  SCV  
  85  5:58  Barracks Reactor  
  85  6:00  Barracks  
  85  6:01  Barracks  
  85  6:02  Supply Depot, Barracks, Barracks Reactor  
  86  6:04  SCV x2  
  86  6:05  Supply Depot  
  87  6:14  Medivac x2  
  87  6:15  Marauder  
  93  6:21  Supply Depot  
  93  6:24  Marine x4  
  93  6:25  Supply Depot, Armory  
  97  6:26  Widow Mine  
  97  6:28  Combat Shields, Supply Depot  
  99  6:35  Marine x2  
  99  6:37  Marauder  
  99  6:39  Marine x2  
  105  6:44  Supply Depot  
  104  6:47  Supply Depot  
  104  6:51  Supply Depot, Marine  
  104  6:52  Marine x3  
  104  6:53  Barracks Tech Lab, Barracks Reactor  
  108  6:54  Barracks Tech Lab  
  108  6:58  Marauder  
  108  7:01  Marine  
  108  7:02  Marine x3  
  110  7:09  Marine x2  
  110  7:11  SCV x3  
  110  7:13  Terran Infantry Weapons Level 2  
  110  7:14  Terran Infantry Armor Level 2  
  114  7:15  Medivac  
  114  7:16  Medivac, Marine  
  114  7:19  Marauder  
  114  7:21  Supply Depot x2  
  120  7:23  SCV  
  120  7:28  Marine x4  
  125  7:30  Supply Depot  
  125  7:35  Marauder, Marine x6  
  125  7:36  Marine  
  134  7:42  Marauder  
  136  7:44  Concussive Shells  
  136  7:46  Marine x3  
  136  7:47  Medivac x2  
  136  7:48  Marine  
  143  7:53  Marine  
  143  7:54  Marauder  
  143  7:57  Marine x3  
  143  7:58  Marauder  
  149  8:00  Marine  
  149  8:01  Marine  
  149  8:04  Marauder  
  143  8:06  SCV x2  
  143  8:13  Marine x3  
  143  8:15  Marauder  
  143  8:19  Marauder  
  150  8:21  Marine x5  
  150  8:22  Supply Depot x2  
  150  8:25  Marauder  
  150  8:26  Medivac  
  158  8:27  Medivac  
  158  8:28  Marine  
  158  8:32  Marine x2  
  163  8:37  Marauder  
  163  8:40  Marauder  
  166  8:43  Marine x2  
  166  8:44  Marine x2  
  166  8:46  Marauder, Marine x2  
  163  8:57  Marine  
  163  8:58  Marauder, Marine x3  
  163  9:01  Marine x3  
  163  9:02  Marauder  
  138  9:06  Marine x3  
  138  9:07  Medivac x2  
  138  9:08  Marauder  
  135  9:12  Widow Mine  
  135  9:15  Marine x2  
  135  9:16  Marine  
  140  9:19  Marauder, Marine x2  
  140  9:20  Marine  
  140  9:22  Marine  
  140  9:23  Marauder  
  140  9:24  Marine  
  148  9:25  Marine  
  148  9:29  Marauder, Marine  
  153  9:33  Marine  
  153  9:34  Supply Depot  
  153  9:35  Marine  
  153  9:36  Supply Depot, Marine  
  153  9:37  Marine  
  157  9:40  Medivac  
  157  9:41  Marauder  
  157  9:45  Marauder, Marine  
  164  9:46  Marine  
  164  9:47  Marine  
  164  9:48  Widow Mine  
  164  9:51  Marauder  
  170  9:56  Marine x2  
  170  9:58  Marine x2  
  170  9:59  Marine x2  
  165  10:02  Marauder, Marine  
  165  10:03  Marine  
  165  10:04  Marine x2  
  165  10:06  Marauder  
  153  10:12  Marauder  
  153  10:14  SCV x2, Marine x2  
  141  10:16  Orbital Command  
  141  10:24  Marauder  
  141  10:27  Marauder  
  144  10:29  Missile Turret  
  144  10:30  Marine x4  
  144  10:35  Missile Turret  
  145  10:38  Marine  
  143  10:48  Marine x2  
  145  10:54  Marine  
  127  11:01  Marauder  
  92  11:05  Marine  
  88  11:20  Marine x2  
  88  11:21  Marauder, Marine  

Tags
 
Add a new tag
Caveats
  • Supply blocks, unpowered buildings, or Contaminate may cause inaccurate times.
  • Supply counts are checked every 10 seconds.